 Dungeon Crawl Stone Soup version 0.26-a0-690-gcb57259078 (webtiles) character file.

Game seed: 10378825217908912426

31 knot the Chopper (level 3, 16/43 HPs)
             Began as a Demonspawn Berserker on Oct 24, 2020.
             Was a Believer of Trog.
             Quit the game on level 2 of the Dungeon.
             The game lasted 00:02:03 (791 turns).

knot the Chopper (Demonspawn Berserker)              Turns: 791, Time: 00:02:04

Health: 16/43      AC:  4    Str: 17    XL:     3   Next: 7%
Magic:  3/3        EV: 12    Int:  9    God:    Trog [**....]
Gold:   32         SH:  0    Dex: 12    Spells: 2/2 levels left

rFire    . . .     SeeInvis .   a - +0 hand axe
rCold    . . .     Faith    .   (no shield)
rNeg     . . .     Spirit   .   b - +0 animal skin
rPois    .         Reflect  .   (helmet restricted)
rElec    .         Harm     .   (no cloak)
rCorr    .         Rampage  .   l - +0 pair of gloves
MR       .....                  c - +0 pair of boots
Stlth    ..........             (no amulet)
HPRegen  0.14/turn              (no ring)
MPRegen  0.08/turn              (no ring)

@: berserking (expiring), very quick
A: horns 1, rot immunity
a: Berserk, Trog's Hand, Renounce Religion


You were on level 2 of the Dungeon.
You worshipped Trog.
Trog was pleased with you.
You visited 1 branch of the dungeon, and saw 2 of its levels.

You collected 32 gold pieces.

Inventory:

Hand Weapons
 a - a +0 hand axe (weapon)
 d - a +0 club
 g - a +0 short sword
 h - a +0 dagger
 n - a +0 hunting sling of flaming
Missiles
 e - 41 stones
 f - 3 atropa-tipped darts (quivered)
Armour
 b - a +0 animal skin (worn)
 c - a +0 pair of boots (worn)
 l - a +0 pair of gloves (worn)
Jewellery
 p - an uncursed amulet of faith {unknown}
Scrolls
 m - 3 scrolls of teleportation {unknown}
 q - a scroll of enchant armour {unknown}
Potions
 i - a potion of heal wounds {unknown}
 j - a potion of curing {unknown}
 k - a potion of invisibility {unknown}
 o - a potion of might {unknown}


   Skills:
 - Level 3.0 Fighting
 * Level 3.3 Axes
 * Level 1.6 Throwing
 - Level 1.7 Armour
 - Level 1.7 Dodging


You had 2 spell levels left.
You didn't know any spells.
Your spell library was empty.

Dungeon Overview and Level Annotations

Branches:
Dungeon (2/15)

Altars:


Innate Abilities, Weirdness & Mutations

You have a pair of small horns on your head.
You are immune to rotting.


Message History

You hit the hobgoblin but do no damage. The hobgoblin closely misses you.
The worm bites you.
You slash the worm!
The worm is severely wounded.
You hit the hobgoblin. You barely miss the worm.
The worm is severely wounded.
You slash the hobgoblin!
You kill the hobgoblin!
Trog accepts your kill.
You can now call upon Trog for regeneration and magic resistance.
You slash the worm!
You kill the worm!
Trog accepts your kill.
You have reached level 3!
Your experience leads to an increase in your attributes!
Increase (S)trength, (I)ntelligence, or (D)exterity?
You feel clever.
Your demonic ancestry asserts itself...
You feel immune to rotting.
Are you sure you want to abandon this character and quit the game? (Confirm with "yes".)

##.....## ###.......#
#.........#
#.######.#.......#
#?...<..).)†>..#
#.######.###...#####.
.............g..
####.###.)####.. #.#
#@....... =#
##†###.#. .# .$. .#
####


There were no monsters in sight!

Vanquished Creatures
  A worm (D:2)
  A dart slug (D:1)
  A leopard gecko (D:1)
  3 bats
  A giant cockroach (D:1)
  4 goblins (D:1)
  7 hobgoblins
  2 kobolds
  3 rats (D:1)
23 creatures vanquished.

Notes
Turn   | Place    | Note
-------+----------+-------------------------------------------
     0 | D:1      | knot the Demonspawn Berserker began the quest for the Orb.
     0 | D:1      | Reached XP level 1. HP: 18/18 MP: 1/1
   231 | D:1      | Reached skill level 1 in Throwing
   231 | D:1      | Gained mutation: You have a pair of small horns on your
                  | head. [demonic ancestry]
   231 | D:1      | Reached XP level 2. HP: 24/24 MP: 2/2
   789 | D:2      | Reached ** piety under Trog
   790 | D:2      | Gained mutation: You are immune to rotting. [demonic
                  | ancestry]
   790 | D:2      | Reached XP level 3. HP: 16/29 MP: 3/3
   791 | D:2      | Quit the game

Illustrated notes

Levels and vault maps discovered:
D:1:      dpeg_arrival_solitude, layout_basic, serial_glass, glass_columns_b,
          glass_columns_b, nrook_uturn
D:2:      layout_loops_ring, nemelex_xobeh_ov_fountains_minmay

Skill      XL: |  1 |
---------------+----+-----
Axes           | 3 |  3.3
Throwing       | 1 |  1.6
Fighting       | |  3.0
Armour         | |  1.7
Dodging        | |  1.7

Action                   || total
-------------------------++-------
Melee: Hand axe          ||    61
       Headbutt          ||     5
Throw: Dart              ||     4
Invok: Berserk           ||     1
 Stab: Invisible         ||     1
Armor: Animal skin       ||    12
Dodge: Dodged            ||    38

Table legend: (Time is in decaauts)
 A = Elapsed time spent in this place.
 B = Non-inter-level travel time spent in this place.
 C = Inter-level travel time spent in this place.
 D = Time resting spent in this place.
 E = Time spent auto-exploring this place.
 F = Levels seen in this place.
 G = Mean time per level.
                   A        B        C        D        E       F      G
               +--------+--------+--------+--------+--------+-----+--------+
         Total |    796 |    782 |     14 |      0 |    607 |   2 |  398.0 |
       Dungeon |    796 |    782 |     14 |      0 |    607 |   2 |  398.0 |
               +--------+--------+--------+--------+--------+-----+--------+

Top non-repeatable levels by time:
     D:1: 769 daAuts
     D:2: 27 daAuts
